AoeStats
← Princesa de la FIFA

Arena

506569181Analyzed
4v4 RM · 19d ago on Sep 14, 2026· 49m 57s· 8 players
Game mode
Random Map
Map size
Large (8 player)
Population
200
Speed
Normal
Resources
Standard
Victory
Conquest
Starting age
Dark Age
Ending age
Imperial Age
RankedLock teamsTeams togetherTeam positionsShared explorationLock speedFull tech treeHidden civsTurbo modeCheats
Victory
Defeat
🇨🇴 Aztecs · Colombia
1330
+16
🇵🇪 Turks · Peru
1317
+16
🇨🇴 Persians · Colombia
1306
+17
🇪🇸 Mongols · Spain
1292
+17
🇲🇽 Muisca · Mexico
1402
-19
🇲🇽 Franks · Mexico
1360
-18
🇪🇨 Persians · Ecuador
1324
-17
🇦🇷 Magyars · Argentina
1216
-12
Aspirante
10:16 Feudal Age
15:01 Castle Age
12:50 Double-Bit Axe
14:05 Horse Collar
18:24 Loom
22:55 Bow Saw
25:10 Gold Mining
28:49 Wheelbarrow
28:57 Gold Shaft Mining
32:23 Imperial Age
31:37 Hand Cart
31:33 Heavy Plow
33:36 Drill
32:49 Heavy Scorpion
34:42 Chemistry
34:03 Fletching
34:54 Capped Ram
35:55 Bodkin Arrow
37:14 Siege Ram
39:30 Bracer
42:33 Town Watch
43:57 Scale Barding Armor
44:03 Forging
45:08 Bloodlines
44:58 Husbandry
44:19 Light Cavalry
48:02 Chain Barding Armor
48:18 Iron Casting
47:10 Hussar
51:14 Blast Furnace
ederps24
0:28 Loom
12:47 Feudal Age
16:01 Horse Collar
16:09 Double-Bit Axe
19:21 Castle Age
19:52 Wheelbarrow
20:27 Heavy Plow
21:10 Gold Mining
21:48 Town Watch
23:29 Husbandry
24:21 Scale Barding Armor
25:02 Bloodlines
27:04 Chain Barding Armor
28:52 Forging
30:26 Iron Casting
33:46 Imperial Age
34:38 Conscription
34:38 Heavy Camel Rider
38:10 Plate Barding Armor
39:55 Blast Furnace
43:17 Citadels
43:53 Kamandaran
43:57 Fletching
44:08 Padded Archer Armor
44:08 Scale Mail Armor
44:59 Thumb Ring
44:15 Crossbowman
44:55 Bodkin Arrow
45:52 Gold Shaft Mining
45:07 Stone Mining
45:30 Bow Saw
45:53 Crop Rotation
45:42 Hand Cart
47:14 Elite War Elephant
48:12 Caravan
Cr3wCo
10:48 Feudal Age
11:28 Loom
14:59 Castle Age
13:37 Double-Bit Axe
15:05 Horse Collar
16:12 Bow Saw
17:40 Wheelbarrow
23:25 Heavy Plow
23:51 Atonement
24:11 Sanctity
24:52 Gold Mining
25:43 Stone Mining
26:28 Gold Shaft Mining
26:37 Redemption
27:33 Fervor
27:57 Hand Cart
30:33 Imperial Age
27:49 Town Watch
28:13 Scale Mail Armor
29:38 Forging
29:44 Chain Mail Armor
29:20 Gambesons
29:36 Squires
31:04 Atlatl
30:26 Pikeman
30:27 Eagle Warrior
30:53 Arson
33:46 Garland Wars
33:46 Conscription
34:54 Plate Mail Armor
35:00 Iron Casting
33:49 Elite Eagle Warrior
35:37 Stone Shaft Mining
35:54 Herbal Medicine
36:15 Block Printing
36:01 Devotion
36:26 Illumination
36:38 Theocracy
36:24 Heresy
39:00 Blast Furnace
40:20 Siege Engineers
41:17 Chemistry
40:37 Ballistics
40:03 Treadmill Crane
40:19 Murder Holes
40:18 Fletching
41:28 Bodkin Arrow
43:40 Caravan
44:12 Coinage
44:05 Bracer
Comend x comend
12:26 Feudal Age
16:06 Castle Age
20:06 Imperial Age
21:54 Double-Bit Axe
33:23 Husbandry
36:12 Bloodlines
36:52 Heavy Camel Rider
38:30 Wheelbarrow
39:19 Horse Collar
41:06 Forging
41:01 Scale Barding Armor
48:20 Cavalier
49:23 Hand Cart
Princesa de la FIFA
10:14 Feudal Age
11:36 Loom
14:39 Castle Age
13:29 Double-Bit Axe
18:22 Redemption
20:07 Atonement
22:34 Sanctity
27:56 Imperial Age
28:04 Fervor
28:57 Block Printing
29:10 Illumination
41:01 Horse Collar
42:08 Ballistics
41:13 Crossbowman
42:28 Fletching
42:39 Padded Archer Armor
43:24 Wheelbarrow
44:41 Chemistry
45:17 Bodkin Arrow
47:47 Forging
47:54 Bracer
BP | ham.io
11:07 Feudal Age
10:49 Loom
11:54 Double-Bit Axe
12:54 Wheelbarrow
16:46 Castle Age
17:10 Forging
18:55 Iron Casting
18:15 Gold Mining
25:05 Scale Mail Armor
28:02 Squires
28:21 Gambesons
29:08 Bow Saw
33:31 Imperial Age
33:36 Chain Mail Armor
33:40 Masonry
33:41 Fortified Wall
35:33 Chemistry
37:06 Architecture
MANITAS DE TEMU
11:08 Feudal Age
14:51 Castle Age
12:47 Double-Bit Axe
12:47 Horse Collar
13:14 Loom
16:54 Bow Saw
17:14 Gold Mining
23:10 Wheelbarrow
23:18 Heavy Plow
26:00 Bloodlines
25:51 Husbandry
26:24 Town Watch
30:39 Imperial Age
28:25 Town Patrol
29:02 Hand Cart
29:24 Scale Barding Armor
29:29 Forging
30:25 Chain Barding Armor
31:35 Iron Casting
30:31 Cavalier
30:57 Light Cavalry
33:21 Hussar
35:30 Plate Barding Armor
35:56 Blast Furnace
36:11 Devotion
36:55 Crop Rotation
36:39 Fletching
40:53 Chemistry
41:37 Two-Man Saw
43:03 Bodkin Arrow
43:09 Padded Archer Armor
47:05 Thumb Ring
BP | ZoldyckF
10:26 Feudal Age
14:48 Castle Age
13:24 Double-Bit Axe
13:22 Horse Collar
20:34 Bow Saw
21:13 Heavy Plow
22:02 Wheelbarrow
22:01 Gold Mining
29:03 Imperial Age
26:37 Husbandry
26:47 Bloodlines
26:44 Scale Barding Armor
27:14 Stone Mining
27:45 Hand Cart
28:30 Chain Barding Armor
29:54 Gold Shaft Mining
29:31 Cavalier
31:32 Plate Barding Armor
30:53 Loom
32:12 Two-Man Saw
31:33 Block Printing
32:53 Town Watch
32:51 Pikeman
34:19 Crop Rotation
34:05 Scale Mail Armor
36:12 Chemistry
35:59 Paladin
37:07 Capped Ram
41:53 Light Cavalry
42:17 Halberdier
44:03 Chain Mail Armor
43:39 Fletching
44:55 Hussar
50:23 Bodkin Arrow
Connection lost

Rejoining the realm…

Still unreachable

The connection could not be restored.

Session expired

The server has moved on; the page needs a fresh start.